 Dungeon Crawl Stone Soup version 0.21-a0-396-ga924934 (webtiles) character file.

536 tof the Slasher (level 7, 0/61 HPs)
             Began as a Minotaur Monk on Oct 19, 2017.
             Was a Believer of Uskayaw.
             Slain by Grinder (3 damage)
             ... on level 5 of the Dungeon.
             The game lasted 00:07:59 (4079 turns).

tof the Slasher (Minotaur Monk)                     Turns: 4079, Time: 00:08:00

Health: 0/61       AC:  7    Str: 18    XL:     7   Next: 4%
Magic:  7/7        EV: 11    Int:  7    God:    Uskayaw [**....]
Gold:   156        SH:  0    Dex: 12    Spells: 6/6 levels left

rFire    . . .     SeeInvis .   a - +0 falchion
rCold    . . .     Gourm    .   (no shield)
rNeg     . . .     Faith    .   o - +0 scale mail
rPois    .         Spirit   .   (helmet restricted)
rElec    .         Reflect  .   (no cloak)
rCorr    .         Harm     .   (no gloves)
MR       .....                  (no boots)
Stlth    ..........             (no amulet)
HPRegen  0.20/turn              q - ring of loudness (curse)
MPRegen  0.10/turn              C - +5 ring of slaying

@: no status effects
A: retaliatory headbutt, horns 2
a: Stomp, Line Pass, Renounce Religion


You were on level 5 of the Dungeon.
You worshipped Uskayaw.
Uskayaw was noncommittal.
You were not hungry.

You visited 1 branch of the dungeon, and saw 5 of its levels.

You collected 156 gold pieces.

Inventory:

Hand Weapons
 a - a +0 falchion (weapon)
Missiles
 b - 3 tomahawks of dispersal (quivered)
 m - 16 poisoned needles
Armour
 o - a +0 scale mail (worn)
Jewellery
 g - an uncursed ring of protection from magic
 k - a +6 ring of dexterity
 q - a cursed ring of loudness (left hand)
 t - an uncursed ring of wizardry
 C - a +5 ring of slaying (right hand)
Wands
 r - a wand of flame (30/48)
 D - a wand of flame (33/48)
Scrolls
 d - 7 scrolls of identify {unknown}
 f - 2 scrolls of amnesia {unknown}
 j - 4 scrolls of remove curse {unknown}
 l - 2 scrolls of fog {unknown}
 n - 2 scrolls of noise {unknown}
 p - a scroll of fear {unknown}
 u - a scroll of teleportation {unknown}
 y - a scroll of magic mapping {unknown}
 z - a scroll of immolation {unknown}
 A - a scroll of recharging {unknown}
 B - 2 scrolls of blinking {unknown}
Potions
 e - 2 potions of cancellation {unknown}
 h - 6 potions of curing
 i - 2 potions of brilliance {unknown}
 s - 2 potions of degeneration {unknown}
 v - 2 potions of heal wounds {unknown}
 w - a potion of might {unknown}
Comestibles
 c - 3 bread rations
 x - 4 chunks of flesh
 E - a meat ration


   Skills:
 + Level 5.1 Fighting
 * Level 6.2 Long Blades
 + Level 2.2 Throwing
 + Level 4.0 Armour
 - Level 3.9 Dodging
 - Level 1.5 Stealth
 + Level 1.8 Invocations


You had 6 spell levels left.
You didn't know any spells.

Dungeon Overview and Level Annotations

Branches:
Dungeon (5/15)             Temple (0/1) D:4

Altars:
Hepliaklqana
Makhleb
Ru
Uskayaw
Vehumet
Xom
Zin
The Shining One

Shops:
D:4 =

Annotations:
D:5 Grinder


Innate Abilities, Weirdness & Mutations

You reflexively headbutt those who attack you in melee.
You have a pair of horns on your head.


Message History

Grinder is no longer paralysed.
Grinder hits you but does no damage. Grinder hits you!
You writhe in agony.
Grinder hits you.
You writhe in agony.
Grinder gestures at you. Pain shoots through your body! Grinder hits you.
* * * LOW HITPOINT WARNING * * *
Grinder hits you!
* * * LOW HITPOINT WARNING * * *
Grinder hits you.
* * * LOW HITPOINT WARNING * * *
You writhe in agony.
* * * LOW HITPOINT WARNING * * *
You can move again.
You closely miss Grinder. Your headbutt misses Grinder.
Grinder is severely wounded.
Grinder hits you.
* * * LOW HITPOINT WARNING * * *
You writhe in agony.
You die...

#..##.....##
###.
#..####....###
..#.. ..#
###....## ....
#..
##....####....
##.....#..#
##.......#
##.....##
##5..## ##@.#
#...#
#.......#
...........#
...###......#
## #.......#
#...##...#
#...# ##..
#..## #.


You could see Grinder.

Vanquished Creatures
  Menkaure (D:4)
  A black bear (D:4)
  An ogre (D:4)
  A hound (D:4)
  An orc wizard (D:2)
  A worker ant (D:4)
  A hound skeleton (D:4)
  A gnoll (D:1)
  3 adders (D:3)
  7 worms
  4 leopard geckos
  7 orcs
  A ball python (D:3)
  6 giant cockroaches
  9 hobgoblins
  9 jackals
  6 bats
  5 frilled lizards
  8 goblins
  9 kobolds
  8 rats
90 creatures vanquished.

Notes
Turn   | Place    | Note
-------+----------+-------------------------------------------
     0 | D:1      | tof the Minotaur Monk began the quest for the Orb.
     0 | D:1      | Reached XP level 1. HP: 19/19 MP: 0/0
   187 | D:1      | Reached skill level 4 in Long Blades
   187 | D:1      | Reached skill level 1 in Armour
   187 | D:1      | Reached XP level 2. HP: 5/27 MP: 1/1
   707 | D:2      | Reached XP level 3. HP: 32/33 MP: 2/2
  1075 | D:2      | Reached XP level 4. HP: 35/40 MP: 3/3
  1535 | D:2      | Found a faded altar of an unknown god.
  2782 | D:3      | Reached XP level 5. HP: 43/47 MP: 4/4
  2926 | D:3      | Found a glowing silver altar of Zin.
  3086 | D:4      | Found a hide-covered altar of Uskayaw.
  3086 | D:4      | Noticed a dagger
  3086 | D:4      | Noticed a dagger
  3101 | D:4      | Became a worshipper of Uskayaw the Reveler
  3101 | D:4      | Reached * piety under Uskayaw
  3239 | D:4      | Reached skill level 5 in Long Blades
  3245 | D:4      | Reached skill level 1 in Throwing
  3245 | D:4      | Reached ** piety under Uskayaw
  3255 | D:4      | Noticed Menkaure
  3261 | D:4      | Killed Menkaure
  3261 | D:4      | Reached skill level 1 in Invocations
  3261 | D:4      | Reached XP level 6. HP: 26/53 MP: 5/5
  3357 | D:4      | Found Qikhagu's Jewellery Shop.
  3552 | D:4      | Reached *** piety under Uskayaw
  3554 | D:4      | Reached **** piety under Uskayaw
  3556 | D:4      | Reached skill level 5 in Fighting
  3556 | D:4      | Reached skill level 6 in Long Blades
  3556 | D:4      | Reached XP level 7. HP: 24/61 MP: 7/7
  3806 | D:4      | Found a burning altar of Makhleb.
  3809 | D:4      | Found a hazy altar of Hepliaklqana.
  3810 | D:4      | Found a sacrificial altar of Ru.
  3810 | D:4      | Found a shimmering altar of Xom.
  3815 | D:4      | Found a glowing golden altar of the Shining One.
  3928 | D:4      | Found a staircase to the Ecumenical Temple.
  4021 | D:5      | Entered Level 5 of the Dungeon
  4021 | D:5      | Found a radiant altar of Vehumet.
  4063 | D:5      | Noticed Grinder
  4071 | D:5      | Paralysed by Grinder for 7 turns
  4079 | D:5      | HP: 3/61 [Grinder (2)]
  4079 | D:5      | Slain by Grinder

Vault maps used:
D:1:      minmay_arrival_three_doors, hangedman_abyss_or_decor_stabs
D:2:      nicolae_overflow_hidden_temple, chequers_ecumenical_altar_simple
D:3:      zin_academy, minmay_distorted
D:4:      dancing_weapons_uskayaw, minitemple, minmay_temple_entry_from_below_b,
          serial_shops, shop, roderic_roman_lattice, uniq_menkaure
D:5:      serial_shops, nicolae_shop_stone, first_bread, grunt_ministairs_5,
          st_stairs_6, vehumet_altar_wand_db, uniq_grinder, uniq_edmund

Skill      XL: |  1  2  3  4  5  6 |
---------------+-------------------+-----
Long Blades    | 4 5 6 |  6.2
Armour         | 1 2 3 4 |  4.0
Fighting       | 4 5 |  5.1
Throwing       | 1 2 |  2.2
Invocations    | 1 |  1.8
Dodging        | |  3.9
Stealth        | |  1.5

Action                   |  1- 3 |  4- 6 |  7- 9 || total
-------------------------+-------+-------+-------++-------
Melee: Falchion          |    59 |   153 |    12 ||   224
       Headbutt          |     7 |    26 |     2 ||    35
 Stab: Sleeping          |     3 |       |       ||     3
  Eat: Chunk             |       |     8 |     2 ||    10
Armor: Robe              |     6 |       |       ||     6
       Leather armour    |     6 |     1 |       ||     7
       Scale mail        |       |    61 |     5 ||    66
Dodge: Dodged            |    34 |    74 |     5 ||   113
       Rpst.: Falchion   |     8 |    14 |     1 ||    23

Table legend:
 A = Spawn XP
 B = Non-spawn XP
 C = Spawn XP percentage of total XP
 D = Spawn monster count
 E = Non-spawn monster count
 F = Spawn count percentage of total count
 G = Total turns spent on level
                    A         B        C        D         E        F      G
               +---------+---------+-------+---------+---------+-------+---------
         Total |       0 |     766 |   0.0 |       0 |      90 |   0.0 |  4079
               +---------+---------+-------+---------+---------+-------+---------
           D:1 |       0 |      35 |   0.0 |       0 |      16 |   0.0 |   700
           D:2 |       0 |      83 |   0.0 |       0 |      22 |   0.0 |  1356
           D:3 |       0 |     105 |   0.0 |       0 |      33 |   0.0 |  1030
           D:4 |       0 |     533 |   0.0 |       0 |      15 |   0.0 |   935
           D:5 |       0 |      10 |   0.0 |       0 |       4 |   0.0 |    58
               +---------+---------+-------+---------+---------+-------+---------
